 Dungeon Crawl Stone Soup version 0.27.1-34-g3ba077fa99 (webtiles) character file.

Game seed: 5445820628366456328

147 Arum the Shield-Bearer (level 5, -1/43 HPs)
             Began as a Formicid Fighter on Jan 15, 2022.
             Was a Believer of Nemelex Xobeh.
             Slain by a fire bat (3 damage)
             ... on level 4 of the Dungeon.
             The game lasted 00:03:00 (2940 turns).

Arum the Shield-Bearer (Formicid Fighter)           Turns: 2940, Time: 00:03:00

Health: -1/43      AC:  8    Str: 21    XL:     5   Next: 54%
Magic:  5/5        EV:  8    Int:  7    God:    Nemelex Xobeh [**....]
Gold:   146        SH: 10    Dex: 11    Spells: 4/4 levels left

rFire    . . .     SeeInvis +   a - +0 war axe
rCold    . . .     Faith    .   c - +0 kite shield
rNeg     . . .     Spirit   .   b - +0 scale mail
rPois    .         Reflect  .   (helmet unavailable)
rElec    .         Harm     .   (no cloak)
rCorr    .         Rampage  .   m - +0 pair of gloves
Will     +....                  (no boots)
Stlth    ..........             (no amulet)
HPRegen  0.14/turn              g - ring of willpower
MPRegen  0.09/turn              (no ring)

@: no status effects
A: permanent stasis, dig shafts and tunnels, antennae 3, four strong arms
a: Dig, Shaft Self, Renounce Religion, Draw Escape, Draw Destruction, Draw
Summoning


You were on level 4 of the Dungeon.
You worshipped Nemelex Xobeh.
Nemelex Xobeh was pleased with you.
You visited 1 branch of the dungeon, and saw 4 of its levels.

You collected 146 gold pieces.

Inventory:

Hand Weapons
 a - a +0 war axe (weapon)
 q - a +0 hand axe
Armour
 b - a +0 scale mail (worn)
 c - a +0 kite shield (worn)
 m - a +0 pair of gloves (worn)
Jewellery
 g - a ring of willpower (left hand)
 j - a ring of ice
Scrolls
 e - a scroll of summoning {unknown}
 h - a scroll of teleportation {unknown}
 i - a scroll of holy word {unknown}
 k - 2 scrolls of identify {unknown}
 l - a scroll of fog {unknown}
 n - a scroll of enchant armour {unknown}
 p - a scroll of magic mapping {unknown}
Potions
 d - 4 potions of might
 f - 2 potions of heal wounds {unknown}
 o - a potion of haste {unknown}


   Skills:
 + Level 4.5 Fighting
 + Level 3.4 Axes
 - Level 3.2 Armour
 + Level 5.0 Shields


You had 4 spell levels left.
You didn't know any spells.
Your spell library contained the following spells:

 Spells                   Type           Power      Damage    Failure   Level
 Corona                   Hex            0%         N/A       96%         1
 Ensorcelled Hibernation  Hex/Ice        0%         N/A       99%         2
 Tukima's Dance           Hex            0%         N/A       100%        3


Dungeon Overview and Level Annotations

Branches:
Dungeon (4/15)
 Temple: D:4-7

Altars:
Nemelex Xobeh


Innate Abilities, Weirdness & Mutations

You cannot be hasted, slowed, berserked, paralysed or teleported.
You can dig through walls and to a lower floor.
You have a pair of large antennae on your head. (SInv)
Your four strong arms can wield two-handed weapons with a shield.


Message History

The fire bat bites you but does no damage.
You block the fire bat's attack.
The fire bat bites you but does no damage.
You draw a card...
You have drawn Velocity.
The fire bat seems to slow down.
The deck of cards disappears without a trace.
You block the fire bat's attack.
You miss the fire bat.
The fire bat is heavily wounded.
The fire bat closely misses you.
You barely miss the fire bat.
The fire bat is heavily wounded.
The fire bat bites you.
* * * LOW HITPOINT WARNING * * *
You are engulfed in flames.
* * * LOW HITPOINT WARNING * * *
The fire bat bites you but does no damage.
The fire bat bites you but does no damage. x2
You barely miss the fire bat.
The fire bat is heavily wounded.
The fire bat barely misses you.
The fire bat bites you but does no damage.
You slash the fire bat!
The fire bat is severely wounded.
You block the fire bat's attack.
You completely miss the fire bat.
The fire bat is severely wounded.
The fire bat bites you but does no damage.
The fire bat misses you.
You hit the fire bat.
The fire bat is almost dead.
You block the fire bat's attack. The fire bat bites you.
* * * LOW HITPOINT WARNING * * *
You are engulfed in flames.
* * * LOW HITPOINT WARNING * * *
Found a runed gold wand.
The fire bat barely misses you. The fire bat bites you.
* * * LOW HITPOINT WARNING * * *
You are engulfed in flames.
You die...
Your body glows with a rainbow of weird colours and disappears.

... ... .. ..
.. .. .#.#
...# # #.. ###
..# #†#
./#...#
###.###b.....#
#####.....@..#
#.....######+#
#.)#### ##..#
{ ##.# ##.###
#....# #....#
#....#


You could see a fire bat (slow, misshapen).

Vanquished Creatures
  An iguana (D:4)
  4 gnolls
  2 adders
  3 dart slugs
  6 orcs (D:3)
  4 ball pythons
  6 endoplasms
  4 giant cockroaches
  A goblin (D:1)
  4 hobgoblins
  2 jackals (D:3)
  6 quokkas (D:1)
  3 bats
  A frilled lizard (D:1)
  3 kobolds
50 creatures vanquished.

Notes
Turn   | Place    | Note
-------+----------+-------------------------------------------
     0 | D:1      | Arum the Formicid Fighter began the quest for the Orb.
     0 | D:1      | Reached XP level 1. HP: 18/18 MP: 1/1
   224 | D:1      | Reached XP level 2. HP: 24/24 MP: 2/2
   507 | D:1      | Reached skill level 4 in Shields
   601 | D:1      | Found a faded altar of an unknown god.
   613 | D:1      | Became a worshipper of Nemelex Xobeh the Trickster
   613 | D:1      | Reached * piety under Nemelex Xobeh
   635 | D:1      | Reached XP level 3. HP: 30/30 MP: 3/3
   831 | D:1      | Received a gift from Nemelex Xobeh
   921 | D:1      | Reached XP level 4. HP: 10/37 MP: 4/4
  2185 | D:3      | Reached ** piety under Nemelex Xobeh
  2333 | D:3      | Reached XP level 5. HP: 42/42 MP: 5/5
  2924 | D:4      | Reached skill level 5 in Shields
  2926 | D:4      | Noticed a fire bat
  2926 | D:4      | an adder changed into a fire bat
  2940 | D:4      | HP: 2/43 [fire bat (1)]
  2940 | D:4      | Slain by a fire bat

Illustrated notes

Levels and vault maps discovered:
D:1:      minmay_arrival_four_circles, layout_basic,
          chequers_ecumenical_altar_island
D:2:      layout_loops_ring, minmay_crystal_water
D:3:      layout_basic
D:4:      layout_rooms, nicolae_wu_jian_immortal_techniques,
          lemuel_zombie_altar_kikubaaqudgha, serial_forest,
          infiniplex_forest_corner_1, infiniplex_forest_corner_2,
          infiniplex_forest_straight_2, infiniplex_forest_lined_3, uniq_pikel

Skill      XL: |  1  2  3  4  5 |
---------------+----------------+-----
Shields        | 4 5 |  5.0
Fighting       | 4 |  4.5
Axes           | 3 |  3.4
Armour         | |  3.2

Action                   |  1- 3 |  4- 6 || total
-------------------------+-------+-------++-------
Melee: War axe           |    58 |    98 ||   156
Invok: Draw Escape       |       |     2 ||     2
       Draw Destruction  |       |     2 ||     2
Armor: Scale mail        |    21 |    58 ||    79
Dodge: Dodged            |    33 |    41 ||    74
Block: Kite shield       |    27 |    65 ||    92
